 Dungeon Crawl Stone Soup version 0.28.0-53-g5a82cb258f (webtiles) character file.

Game seed: 16823066763032088594

1582 Plasmagod the Thaumaturge (level 9, -4/58 HPs)
             Began as a Djinni Conjurer on July 19, 2022.
             Was an Initiate of Ashenzari.
             Killed from afar by a manticore (9 damage)
             ... with a volley of spikes
             ... on level 6 of the Dungeon.
             The game lasted 00:21:07 (7994 turns).

Plasmagod the Thaumaturge (Djinni Conjurer)         Turns: 7994, Time: 00:21:08

Health: -4/58      AC:  3    Str: 12    XL:     9   Next: 14%
Gold:   290        EV: 13    Int: 24    God:    Ashenzari [......] SH:  0 Dex: 12

rFire   + + .      SeeInvis .   q - +0 falchion (vorpal)
rCold   x . .      Faith    .   (no shield)
rNeg    . . .      Spirit   .   a - +0 robe "Mantic Shame" {Melee, Cun} (curse)
rPois   ∞          Reflect  .   (no helmet)
rElec   .          Harm     .   (no cloak)
rCorr   +          Rampage  .   y - +0 pair of gloves
Will    .....                   (boots unavailable)
Stlth   ++........              (no amulet)
HPRegen 0.19/turn               g - ring of resist corrosion
MPRegen 0.00/turn               m - +6 ring of strength

@: spiked, flying
A: sickness immunity, fire resistance 2, cold vulnerability 1, float, innate
caster, HP casting, extra vitality 1
a: Renounce Religion, Shatter the Chains


You were on level 6 of the Dungeon.
You worshipped Ashenzari.
Ashenzari was noncommittal.
You visited 2 branches of the dungeon, and saw 7 of its levels.

You collected 339 gold pieces.
You spent 49 gold pieces at shops.

Inventory:

Hand Weapons
 q - a +0 vorpal falchion (weapon)
Missiles
 e - a throwing net
Armour
 a - the cursed +0 robe "Mantic Shame" (worn) {Melee, Cun}

   It has a curse which improves the following skills: Melee Combat: Short
   Blades, Long Blades, Axes, Maces & Flails, Polearms, Staves and Unarmed
   Combat.
   Cunning:   Dodging and Stealth.
 y - a +0 pair of gloves (worn)
Jewellery
 g - a ring of resist corrosion (left hand)
 m - a +6 ring of strength (right hand)
Wands
 j - a wand of flame (35)
Scrolls
 b - 3 scrolls of teleportation {unknown}
 f - 3 scrolls of noise {unknown}
 i - 2 scrolls of torment {unknown}
 k - a scroll of summoning {unknown}
 l - 3 scrolls of identify {unknown}
 r - 2 scrolls of vulnerability {unknown}
 s - a scroll of enchant armour {unknown}
 z - a scroll of brand weapon {unknown}
 A - a scroll of immolation {unknown}
Potions
 c - a potion of brilliance {unknown}
 d - a potion of lignification {unknown}
 h - a potion of invisibility {unknown}
 n - 4 potions of curing {unknown}
 o - a potion of resistance {unknown}
 p - a potion of flight {unknown}
 t - a potion of attraction {unknown}
 u - a potion of ambrosia {unknown}
 v - 2 potions of mutation {unknown}
 w - 3 potions of heal wounds {unknown}
 x - 3 potions of haste {unknown}
Miscellaneous
 B - a piece from Xom's chessboard (15/15)


   Skills:
 + Level 1.7 Fighting
 + Level 2.0(2.4) Long Blades
 + Level 3.4(3.8) Dodging
 + Level 3.1(3.4) Stealth
 + Level 8.1 Spellcasting


You had one spell level left.
You knew the following spells:

 Your Spells              Type           Power      Damage    Failure   Level
a - Magic Dart            Conj           100%       1d8       1%          1
b - Searing Ray           Conj           96%        2d7       1%          2
c - Dazzling Flash        Conj/Hex       96%        N/A       1%          3
d - Fulminant Prism       Conj/Hex       24%        3d13      2%          4
e - Iskenderun's Mystic   Conj/Tloc      48%        2d11      2%          4
f - Shock                 Conj/Air       100%       1d9       1%          1
g - Ensorcelled Hibernat  Hex/Ice        96%        N/A       1%          2
h - Scorch                Fire           96%        2d10      1%          2
i - Airstrike             Air            24%        N/A       2%          4
Your spell library was empty.

Dungeon Overview and Level Annotations

Branches:
Dungeon (6/15)             Temple (1/1) D:4

Altars:
Ashenzari
Cheibriados
Dithmenos
Elyvilon
Fedhas
Gozag
Hepliaklqana
Kikubaaqudgha
Makhleb
Okawaru
Qazlal
Ru
Trog
Uskayaw
Vehumet
Wu Jian
Yredelemnul
Zin
The Shining One

Shops:
D:3 *   D:5 !=([   D:6 (

Annotations:
D:4 3 runed translucent doors, cada's ghost, amateur DgEE


Innate Abilities, Weirdness & Mutations

You are immune to sickness and miasma.
You are immune to poison.
Your flesh is very heat resistant. (rF++)
You are vulnerable to cold. (rC-)
You float through the air rather than walking.
You learn spells naturally, not from books.
Your magical power is your life essence.
You have superior vitality. (+4 MHP)


Message History

A fulminant prism comes into view.
Aiming: Magic Dart (safe; 1% risk of failure)
Press: ? - help, Q - select action, (/) - cycle Shift-Dir - straight line, f - manticore
Aim: a manticore (100% to hit)
The magic dart hits the manticore.
The manticore is lightly wounded.
The manticore flicks its tail.
The volley of spikes hits you!!
The barbed spikes become lodged in your body.
Your fulminant prism crackles loudly.
Aiming: Magic Dart (safe; 1% risk of failure)
Press: ? - help, Q - select action, (/) - cycle Shift-Dir - straight line, f/p - manticore
Aim: a manticore (lightly wounded, ally target, 100% to hit)
The magic dart hits the manticore but does no damage.
The manticore is lightly wounded.
Your fulminant prism explodes!
The blast of energy engulfs the manticore!!
The manticore is heavily wounded.
Casting: Magic Dart (safe; 1% risk of failure)
Confirm with . or Enter, or press ? or * to list all spells.
Aiming: Searing Ray (safe; 1% risk of failure)
Press: ? - help, Shift-Dir - straight line, f/p - manticore
Aim: a manticore (heavily wounded, 90% to hit)
The searing ray hits the manticore.
The manticore is heavily wounded. (Press . to maintain the ray.)
The manticore flicks its tail.
The volley of spikes hits you!!
The barbed spikes become lodged in your body.
* * * LOW HITPOINT WARNING * * *
The searing ray hits the manticore!
The manticore is almost dead.
* * * LOW HITPOINT WARNING * * *
The searing ray hits the manticore!
The manticore is almost dead.
* * * LOW HITPOINT WARNING * * *
The manticore flicks its tail.
The volley of spikes hits you!
The barbed spikes become lodged in your body.
You die...

#....#..###. #...
####....#####.. #...
##(......#.####. #.#.
#.............##
#....................
#.∩H#................
........>...........
#..###............. #.@#
#....#.#..#...
#..####..####.###..
#...##........##...
#...##..####......#
##.......# #.......>
####......... #........
####..#........# ##.......
#..............# #.......
##..............####.......


You could see a manticore.

Vanquished Creatures
  Maggie (D:6)
  A vampire (D:5)
  An ice beast (D:5)
  An ogre (D:5)
  A gnoll sergeant (D:6)
  A bullfrog (D:6)
  A water moccasin zombie (D:6)
  3 wights (D:6)
  A howler monkey (D:6)
  A centaur zombie (D:6)
  4 hounds
  A centaur skeleton (D:6)
  A bullfrog skeleton (D:5)
  2 iguanas (D:5)
  2 orc wizards (D:4)
  A scorpion zombie (D:5)
  A hound skeleton (D:4)
  8 gnolls
  7 adders
  A howler monkey skeleton (D:4)
  2 white imps
  An ufetubus (D:5)
  2 worms (D:2)
  3 dart slugs
  5 orcs
  11 endoplasms
  6 giant cockroaches
  5 hobgoblins
  12 jackals
  9 kobolds
  5 quokkas
  8 ball pythons
  13 bats
  5 frilled lizards
  6 goblins
  6 rats
139 creatures vanquished.

Vanquished Creatures (others)
  7 fulminant prisms
  A fungus (D:1)
8 creatures vanquished.

Grand Total: 147 creatures vanquished

Notes
Turn   | Place    | Note
-------+----------+-------------------------------------------
     0 | D:1      | Plasmagod the Djinni Conjurer began the quest for the Orb.
     0 | D:1      | Reached XP level 1. HP: 15/15 MP: 0/0
   288 | D:1      | Reached XP level 2. HP: 4/21 MP: 0/0
   671 | D:1      | Reached XP level 3. HP: 24/25 MP: 0/0
   671 | D:1      | Learned a level 1 spell: Shock
   932 | D:1      | Reached skill level 4 in Spellcasting
  1308 | D:1      | Reached XP level 4. HP: 30/31 MP: 0/0
  2325 | D:2      | Found a shadowy altar of Dithmenos.
  2842 | D:3      | Reached XP level 5. HP: 33/35 MP: 0/0
  2842 | D:3      | Learned a level 2 spell: Ensorcelled Hibernation
  3115 | D:3      | Found Fopn's General Store.
  3753 | D:4      | Reached skill level 5 in Spellcasting
  3876 | D:4      | Reached XP level 6. HP: 25/40 MP: 0/0
  4299 | D:4      | Found a runed translucent gate.
  4300 | D:4      | Found a runed translucent gate.
  4301 | D:4      | Found a runed translucent gate.
  4302 | D:4      | Found an opulent altar of Gozag.
  4303 | D:4      | Noticed cada's ghost (amateur DgEE)
  4303 | D:4      | Noticed an ice beast
  4701 | D:4      | Found a staircase to the Ecumenical Temple.
  4710 | Temple   | Entered the Ecumenical Temple
  4726 | Temple   | Became a worshipper of Ashenzari the Shackled
  5022 | D:5      | Entered Level 5 of the Dungeon
  5024 | D:5      | Noticed an ogre
  5029 | D:5      | Killed an ogre
  5030 | D:5      | Reached XP level 7. HP: 39/45 MP: 0/0
  5030 | D:5      | Learned a level 2 spell: Scorch
  5081 | D:5      | Reached skill level 6 in Spellcasting
  5730 | D:5      | Found Paebu's Weapon Shop.
  5733 | D:5      | Found Busiw's Distillery.
  5733 | D:5      | Found Vaet's Armour Shop.
  5734 | D:5      | Found Vihygryu's Jewellery Shop.
  5790 | D:5      | Noticed a vampire
  5802 | D:5      | Killed a vampire
  6119 | D:5      | Reached skill level 1 in Long Blades
  6119 | D:5      | Reached XP level 8. HP: 13/51 MP: 0/0
  6632 | D:5      | Bought a +0 pair of gloves for 49 gold pieces
  6668 | D:6      | Reached skill level 1 in Fighting
  6672 | D:6      | Reached skill level 7 in Spellcasting
  6903 | D:6      | Found a basalt altar of Yredelemnul.
  7296 | D:6      | Noticed Maggie
  7310 | D:6      | Killed Maggie
  7311 | D:6      | Reached XP level 9. HP: 15/58 MP: 0/0
  7311 | D:6      | Learned a level 4 spell: Airstrike
  7483 | D:6      | Reached skill level 8 in Spellcasting
  7984 | D:6      | Found Veixzon's Antique Weapon Boutique.
  7988 | D:6      | Noticed a manticore
  7994 | D:6      | Killed from afar by a manticore

Illustrated notes

Levels and vault maps discovered:
D:1:      dpeg_cavernosity, layout_loops_ring, dk_noncrumbling_4,
          skrybe_limestone_x, grunt_decor_arrowhead, minmay_octomino_e4
D:2:      layout_rooms, basic_altar
D:3:      layout_basic, serial_shops, shop, nicolae_elevator_lobby_plus
D:4:      layout_basic, minmay_temple_entry_poolview, ebering_ghost_gozag,
          minivault_19
D:5:      layout_loops_ring, minmay_shop_grid_forest
D:6:      layout_cave_pools, mainiacjoe_overflow_boulevard, serial_shops,
          nicolae_shop_stone, hellmonk_bongcloud_opening, minmay_holes,
          hangedman_abyss_or_decor_stabs, uniq_maggie
Temple:   minmay_crystal_spiral_temple

Skill      XL: |  1  2  3  4  5  6  7  8  9 |
---------------+----------------------------+-----
Spellcasting   | 4 5 6 7 8 |  8.1
Stealth        | 2 3 |  3.1
Dodging        | 3 |  3.4
Long Blades    | 1 2 |  2.0
Fighting       | 1 |  1.7

Action                   |  1- 3 |  4- 6 |  7- 9 || total
-------------------------+-------+-------+-------++-------
Melee: Short sword       |       |     4 |       ||     4
       Falchion          |       |     2 |     7 ||     9
 Cast: Magic Dart        |    24 |    26 |    46 ||    96
       Searing Ray       |     3 |     9 |    18 ||    30
       Shock             |    28 |    88 |     7 ||   123
       Fulminant Prism   |       |     1 |     6 ||     7
       Ensorcelled Hiber |       |     1 |       ||     1
       Scorch            |       |       |    19 ||    19
       Iskenderun's Myst |       |       |     9 ||     9
Invok: Curse Item        |       |       |     1 ||     1
Armor: Robe              |     5 |     3 |     1 ||     9
Dodge: Dodged            |     8 |    16 |    12 ||    36
